 Dungeon Crawl Stone Soup version 0.19-a0-1513-gf6d23ed (webtiles) character file.

19462 jacquesderrida the Martial Artist (level 12, 15/73 HPs)
             Began as a Vine Stalker Wanderer on Sept 12, 2016.
             Was a Priest of Cheibriados.
             Quit the game on level 2 of the Orcish Mines.
             The game lasted 00:34:40 (5326 turns).

jacquesderrida the Martial Artist (VSWn)            Turns: 5326, Time: 00:34:40

Health: 15/73      AC: 21    Str: 20 (22) XL:     12   Next: 69%
Magic:  5/17       EV: 13    Int: 19 (22) God:    Cheibriados [***...]
Gold:   1793       SH:  0    Dex: 22 (25) Spells: 0 memorised, 11 levels left

rFire  + + .     SeeInvis +       - Unarmed
rCold  + . .     Gourm    .     u - +6 scale mail "Utolerib" {+Inv rPois rF++ Int-4}
rNeg   . . .     Faith    .     (no shield)
rPois  +         Spirit   +     N - +2 helmet {SInv}
rElec  .         Dismiss  .     h - +2 cloak
rCorr  .         Reflect  .     T - +0 pair of gloves
MR     +....     Harm     .     (no boots)
Stlth  ++........               z - amulet of magic regeneration
                                D - +5 ring of intelligence
                                O - ring of protection from cold

@: studying Armour, drained, very slow
A: fangs 3, regeneration 2, robust 1, weak 1, magic shield, antimagic bite, no
device heal 3, rot immunity
a: Bend Time, Temporal Distortion, Renounce Religion, Evoke Invisibility


You were on level 2 of the Orcish Mines.
You worshipped Cheibriados.
Cheibriados was most pleased with you.
You were hungry.

You visited 3 branches of the dungeon, and saw 14 of its levels.
You also visited: Bailey.

You collected 1913 gold pieces.
You spent 120 gold pieces at shops.

Inventory:

Hand Weapons
 a - a +3 dagger
 g - a +4 eveningstar
 A - a +3 scimitar of flaming
Missiles
 o - 2 throwing nets
 p - 7 javelins of returning (quivered)
 v - 13 tomahawks
Armour
 h - a +2 cloak (worn)
 m - a +0 troll leather armour
 u - the +6 scale mail "Utolerib" (worn) {+Inv rPois rF++ Int-4}
   (You found it on level 5 of the Dungeon)

   It affects your intelligence (-4).
   It greatly protects you from fire.
   It protects you from poison.
   It lets you turn invisible.
 N - a +2 helmet of see invisible (worn)
 P - a cursed +0 ring mail
 S - the cursed +1 robe of Heresy {rElec rPois Dex+5, unknown}
   (You found it on level 2 of the Orcish Mines)

   It affects your dexterity (+5).
   It insulates you from electricity.
   It protects you from poison.
   It has a curse placed upon it.
 T - a +0 pair of gloves (worn)
Magical Staves
 F - an uncursed staff of summoning {unknown}
 V - an uncursed staff of fire {unknown}
Jewellery
 b - an uncursed ring of flight
 t - the ring of the Princess {+Blink rF++ AC+1 Str-5 Int-5}
   (You found it on level 5 of the Dungeon)

   [ring of protection]

   It affects your AC (+1).
   It affects your strength (-5).
   It affects your intelligence (-5).
   It greatly protects you from fire.
   It lets you blink.
 z - an amulet of magic regeneration (around neck)
 D - a +5 ring of intelligence (right hand)
 O - a ring of protection from cold (left hand)
 Q - a +3 amulet of reflection {unknown}
Wands
 q - a wand of acid (0/15)
 M - a wand of disintegration (11/24)
Scrolls
 s - a scroll of recharging
 y - 2 scrolls of enchant armour
 B - a scroll of immolation
 G - a scroll of magic mapping
 J - 3 scrolls of enchant weapon
Potions
 e - a potion of cancellation
 j - 3 potions of heal wounds
 k - 2 potions of brilliance
 r - a potion of haste
 E - 2 potions of flight
 R - a potion of berserk rage
Books
 c - the Guide on Fascination

   Spells                             Type                      Level
   a - Corona                         Hexes                        1
   b - Tukima's Dance                 Hexes                        3
 d - the Grimoire of Stones

   Spells                             Type                      Level
   a - Sandblast                      Earth                        1
   b - Stone Arrow                    Conjuration/Earth            3
 n - a manual of
Armour
 I - a manual of
Armour
 L - a Necronomicon

   Spells                             Type                      Level
   a - Haunt                          Necromancy/Summoning         7
   b - Borgnjor's Revivification      Necromancy                   8
   c - Death's Door                   Charms/Necromancy            8
   d - Infestation                    Necromancy                   8
   e - Necromutation                  Transmutation/Necromancy     8
 U - a book of Misfortune

   Spells                             Type                      Level
   a - Confusing Touch                Hexes                        1
   b - Confuse                        Hexes                        3
   c - Gell's Gravitas                Hexes/Translocation          3
   d - Petrify                        Transmutation/Earth          4
   e - Metabolic Englaciation         Hexes/Ice                    5
   f - Yara's Violent Unravelling     Hexes/Transmutation          5
Miscellaneous
 H - a fan of gales
 K - a sack of spiders
Comestibles
 f - 4 bread rations
 i - 7 meat rations
 l - 7 slices of pizza
 w - 26 fruits
 C - a royal jelly


   Skills:
 + Level 9.4(8.5) Fighting
 + Level 7.7(6.9) Armour
 - Level 5.3(4.5) Dodging
 - Level 3.6(2.9) Stealth
 + Level 13.1(12.2) Unarmed Combat
   Level 3.0(2.2) Transmutations
   Level 2.0(1.3) Earth Magic
 + Level 6.5(5.7) Invocations
 - Level 1.0(0.3) Evocations


You had 11 spell levels left.
You didn't know any spells.

Dungeon Overview and Level Annotations

Branches:
Dungeon (11/15)            Temple (1/1) D:7             Orc (2/2) D:11
   Lair: D:8-11         Elf: Orc:2

Altars:
Ashenzari
Cheibriados
Makhleb
Nemelex Xobeh
Sif Muna
Trog
Uskayaw
Vehumet
Xom
Beogh

Shops:
D:6 !   Orc:2 *[

Annotations:
D:2 Sigmund


Innate Abilities, Weirdness & Mutations

You have razor-sharp teeth.
You heal very quickly.
When hurt, damage is shared between your health and your magic reserves.
Your bite disrupts and absorbs the magic of your enemies.
Potions and wands cannot restore your health.
You are immune to rotting.
You are robust. (+10% HP)
You are weak. (Str -2)


Message History

The orc warrior is almost dead.
The orc warrior hits you with a battleaxe!
The orc warrior closely misses you. The orc warrior misses you.
An orc comes into view. It is wielding a short sword.
Unknown command.
Okay, then.
Okay, then.
It was a potion of degeneration.
There was something very wrong with that liquid.
You feel weakened.
You feel dopey.
You feel clumsy.
The orc warrior hits you from afar with a trident.
The orc warrior hits you with a battleaxe!!
* * * LOW HITPOINT WARNING * * *
Unknown command.
Are you sure you want to abandon this character and quit the game? (Confirm with "yes".)
Okay, then.
The orc warrior closely misses you.
The orc warrior hits you with a battleaxe.
* * * LOW HITPOINT WARNING * * *
Are you sure you want to abandon this character and quit the game? (Confirm with "yes".)

.......'[..#)..#...8o'.
.#.....#####.._#...o.#
###(...#.8.....#.(oo.##
##...#.#∩......#ohoo..#
..#.##.#.8....##oooo..#
.....#.#########oo##...#
..#.#..........o)##
#.....
..####.##.......## #####
.## ###....#..o@# ##
#.....##...# ##
#....####.## .# #......
### .# #.......# ##
##.....## # #...### ...#


You could see 2 orc warriors.

Vanquished Creatures
  2 orc warlords (Orc:2)
  A hydra (D:9)
  Erica (Orc:1)
  Urug (Orc:1)
  3 orc knights (Orc:2)
  A hill giant (D:11)
  A deep elf mage (D:9)
  6 orc sorcerers
  The ghost of jacquesderrida the Carver, a novice VSWn of Ashenzari (D:6)
  3 trolls
  A polar bear (D:8)
  Grinder (D:6)
  2 dream sheep (D:9)
  3 yaks
  A hippogriff (D:8)
  2 hungry ghosts (D:11)
  3 wargs (Orc:2)
  A water moccasin (D:7)
  5 ice beasts
  29 orc warriors
  3 sky beasts
  A necrophage (D:8)
  4 phantoms
  2 ogres
  9 centaurs
  3 big kobolds (D:9)
  3 giant frogs
  4 scorpions
  2 troll zombies (D:11)
  5 wights (D:11)
  2 howler monkeys
  5 crimson imps
  2 giant frog zombies
  A gnoll shaman (D:7)
  5 hounds
  9 orc priests
  23 orc wizards
  2 iguanas (D:6)
  Ijyb (D:3)
  4 worker ants
  3 ogre zombies (D:11)
  4 adders
  6 gnolls
  2 shadow imps (D:5)
  2 white imps (D:8)
  An ufetubus (D:8)
  3 oozes
  An adder skeleton (D:5)
  2 dart slugs
  5 giant geckos
  91 orcs
  3 ball pythons
  8 giant cockroaches
  6 goblins
  4 hobgoblins
  10 jackals
  3 quokkas
  4 bats
  A giant gecko simulacrum (D:8)
  2 giant gecko skeletons
  2 giant newts (D:2)
  2 goblin skeletons (D:11)
  A goblin zombie (D:11)
  A hobgoblin skeleton (D:11)
  A jackal simulacrum (D:8)
  3 kobolds (D:1)
  10 orc zombies (D:11)
  A quokka skeleton (D:7)
  A quokka zombie (D:9)
  10 rats
351 creatures vanquished.

Vanquished Creatures (others)
  4 orc wizards
  A white imp (D:8)
  3 orcs (Orc:2)
8 creatures vanquished.

Grand Total: 359 creatures vanquished

Notes
Turn   | Place    | Note
-------+----------+-------------------------------------------
     0 | D:1      | jacquesderrida the Vine Stalker Wanderer began the quest for the Orb.
     0 | D:1      | jacquesderrida set off with: a +2 dagger, a potion of haste, the Guide on Fascination, the Grimoire of Stones, a +0 robe, a bread ration
     0 | D:1      | Reached XP level 1. HP: 10/10 MP: 2/2
    34 | D:1      | Reached skill level 1 in Unarmed Combat
    72 | D:1      | Reached XP level 2. HP: 4/14 MP: 3/3
   165 | D:1      | Reached skill level 2 in Unarmed Combat
   224 | D:1      | Reached XP level 3. HP: 12/18 MP: 4/4
   386 | D:1      | Reached skill level 3 in Unarmed Combat
   611 | D:2      | Gained mutation: Your natural rate of healing is unusually fast. [Vine Stalker growth]
   611 | D:2      | Reached XP level 4. HP: 14/22 MP: 5/5
   671 | D:2      | Noticed Sigmund
   948 | D:3      | Reached skill level 4 in Unarmed Combat
   958 | D:3      | Noticed Ijyb
   967 | D:3      | Killed Ijyb
   967 | D:3      | Reached XP level 5. HP: 25/25 MP: 6/6
  1073 | D:5      | Entered Level 5 of the Dungeon
  1124 | D:5      | Reached skill level 5 in Unarmed Combat
  1136 | D:5      | Reached XP level 6. HP: 26/30 MP: 5/7
  1138 | D:5      | Got a smoking bronze ring
  1140 | D:5      | Identified the ring of the Princess {+Blink rF++ AC+1 Str-5 Int-5} (You found it on level 5 of the Dungeon)
  1295 | D:5      | Reached skill level 6 in Unarmed Combat
  1476 | D:4      | Reached XP level 7. HP: 20/33 MP: 6/8
  1541 | D:4      | Reached skill level 1 in Dodging
  1541 | D:4      | Reached skill level 7 in Unarmed Combat
  1634 | D:5      | Got a dazzling scale mail
  1645 | D:5      | Identified the +6 scale mail "Utolerib" {+Inv rPois rF++ Int-4} (You found it on level 5 of the Dungeon)
  1834 | D:6      | Reached skill level 1 in Armour
  1869 | D:6      | Gained mutation: You have razor-sharp teeth. [Vine Stalker growth]
  1869 | D:6      | Reached XP level 8. HP: 38/39 MP: 7/9
  1946 | D:6      | Noticed Grinder
  1950 | D:6      | Gained mutation: You are weak. (Str -2) [potion of mutation]
  1950 | D:6      | Gained mutation: You are robust. (+10% HP) [potion of mutation]
  1955 | D:6      | Reached skill level 8 in Unarmed Combat
  1970 | D:6      | Killed Grinder
  2071 | D:7      | Found a deep blue altar of Sif Muna.
  2113 | D:7      | Found a staircase to the Ecumenical Temple.
  2148 | D:7      | Reached skill level 9 in Unarmed Combat
  2192 | Temple   | Entered the Ecumenical Temple
  2209 | Temple   | Became a worshipper of Cheibriados the Contemplative
  2244 | D:7      | Reached XP level 9. HP: 38/49 MP: 10/10
  2481 | D:6      | Reached * piety under Cheibriados
  2507 | D:6      | Found Becomoy's Distillery.
  2586 | D:6      | Noticed jacquesderrida's ghost (novice VSWn)
  2598 | D:6      | Killed jacquesderrida's ghost
  2598 | D:6      | Reached skill level 10 in Unarmed Combat
  2668 | D:8      | Reached skill level 5 in Fighting
  2798 | D:8      | Reached ** piety under Cheibriados
  2964 | D:9      | Noticed a griffon
  2964 | D:9      | Noticed a deep elf mage
  2985 | D:9      | Found a shattered altar of Ashenzari.
  3058 | D:9      | Identified the Guide on Fascination
  3058 | D:9      | Identified the Grimoire of Stones
  3092 | D:9      | Reached XP level 10. HP: 56/56 MP: 11/11
  3107 | D:9      | Reached skill level 11 in Unarmed Combat
  3164 | D:9      | Noticed a two-headed hydra
  3168 | D:9      | Killed a one-headed hydra
  3293 | D:9      | Killed a deep elf mage
  3351 | D:8      | Reached skill level 1 in Invocations
  3356 | D:8      | Reached *** piety under Cheibriados
  3399 | D:8      | Found a shimmering altar of Xom.
  3495 | D:10     | Entered Level 10 of the Dungeon
  3703 | D:11     | Noticed a hill giant
  3709 | D:11     | Killed a hill giant
  3709 | D:11     | Reached XP level 11. HP: 53/63 MP: 13/13
  3883 | D:11     | Reached **** piety under Cheibriados
  3949 | D:11     | Found a staircase to the Orcish Mines.
  3990 | Orc:1    | Entered Level 1 of the Orcish Mines
  3994 | Orc:1    | Noticed Urug
  4008 | Orc:1    | Killed Urug
  4008 | Orc:1    | Reached skill level 5 in Dodging
  4008 | Orc:1    | Reached skill level 12 in Unarmed Combat
  4022 | Orc:1    | Found a flagged portal.
  4042 | Bailey   | Entered a bailey
  4255 | Bailey   | Reached ***** piety under Cheibriados
  4463 | Orc:1    | Noticed an orc sorcerer
  4475 | Orc:1    | Killed an orc sorcerer
  4508 | Orc:1    | Noticed an orc sorcerer
  4513 | Orc:1    | Killed an orc sorcerer
  4650 | Orc:2    | Entered Level 2 of the Orcish Mines
  4720 | Orc:1    | Noticed Erica
  4727 | Orc:1    | Killed Erica
  4727 | Orc:1    | Reached skill level 5 in Armour
  4780 | Orc:2    | Found a roughly hewn altar of Beogh.
  4824 | Orc:2    | Found a roughly hewn altar of Beogh.
  4854 | Orc:2    | Found a radiant altar of Vehumet.
  4870 | Orc:2    | Found Jeyss's General Store.
  4894 | Orc:2    | Bought a scroll of identify for 30 gold pieces
  4894 | Orc:2    | Bought a potion of agility for 60 gold pieces
  4894 | Orc:2    | Bought a scroll of identify for 30 gold pieces
  4929 | Orc:2    | Found a roughly hewn altar of Beogh.
  4953 | Orc:2    | Found Muzer's Armour Boutique.
  4975 | Orc:2    | Noticed an orc sorcerer
  4981 | Orc:2    | Noticed an orc warlord
  4982 | Orc:2    | Noticed an orc sorcerer
  4983 | Orc:2    | Noticed an orc sorcerer
  4985 | Orc:2    | Reached skill level 5 in Invocations
  4985 | Orc:2    | Killed an orc sorcerer
  4985 | Orc:2    | Gained mutation: You heal very quickly. [Vine Stalker growth]
  4985 | Orc:2    | Reached XP level 12. HP: 66/71 MP: 8/16
  4986 | Orc:2    | Noticed an orc warlord
  4996 | Orc:2    | Killed an orc warlord
  5021 | Orc:2    | Noticed a stone giant
  5095 | Orc:2    | Reached skill level 13 in Unarmed Combat
  5168 | Orc:2    | Killed an orc warlord
  5247 | Orc:2    | Got a heavily jewelled robe
  5305 | Orc:2    | Noticed an orc warlord
  5309 | Orc:2    | Paralysed by an orc sorcerer for 6 turns
  5326 | Orc:2    | Quit the game

Vault maps used:
D:1:      onia_arrival_larder
D:2:      minmay_small_reverse_x, uniq_sigmund, uniq_terence
D:3:      marbit_many_paths, first_bread, minmay_misc_feat_x,
          uniq_crazy_yiuf_cottage, uniq_iyjb
D:5:      minmay_strange_pillars, cheibrodos_gnoll_hut
D:6:      serial_shops, shop, uniq_grinder
D:7:      led_sif_book
D:8:      xom_teletrap_fun, serial_ice, serial_ice_m, serial_ice_h,
          serial_ice_i, serial_ice_f, serial_ice_c, serial_ice_g
D:9:      david_lair_shrubbed, basic_altar, serial_shops, kennysheep_mini_moat,
          hangedman_ranch, grunt_tough_drop
D:11:     zombieorc1_lemuel, minmay_misc_feat_five, uniq_snorg
Temple:   hc_temple_tempest_star
Orc:1:    enter_bailey_5, mines2_lemuel, uniq_urug, uniq_nergalle, uniq_erica
Orc:2:    grunt_orc_community_town_hall, grunt_orc_community_big_house_2,
          grunt_orc_community_big_house_2, grunt_orc_community_house_2,
          grunt_orc_community_house_1, grunt_orc_community_house_2,
          grunt_orc_community_house_2, basic_altar, serial_shops,
          nicolae_shop_window_shopping, minmay_orc_treasury
Bailey:   bailey_polearm_flooded_kennysheep, bailey

Skill      XL: |  1  2  3  4  5  6  7  8  9 10 11 12 |
---------------+-------------------------------------+-----
Unarmed Combat | 1 2 3 4 5 6 7 9 10 11 12 13 | 13.1
Dodging        | 1 2 4 5 |  5.3
Fighting       | 2 4 5 7 8 9 |  9.4
Armour         | 1 2 4 5 7 |  7.7
Invocations    | 2 5 6 |  6.5
Stealth        | |  3.6
Transmutations | |  3.0
Earth Magic    | |  2.0
Evocations     | |  1.0

Action                   |  1- 3 |  4- 6 |  7- 9 | 10-12 || total
-------------------------+-------+-------+-------+-------++-------
Melee: Dagger            |   111 |   158 |    15 |       ||   284
       Bite              |    24 |    39 |   109 |   231 ||   403
       Punch             |     1 |     3 |     9 |    40 ||    53
       Unarmed           |       |       |   355 |   453 ||   808
       Falchion          |       |       |       |     4 ||     4
Throw: Javelin           |       |       |       |     3 ||     3
Invok: Slouch            |       |       |       |    10 ||    10
       Bend Time         |       |       |       |     4 ||     4
Evoke: Wand              |       |       |     6 |     2 ||     8
  Use: Scroll            |     5 |       |     9 |     9 ||    23
       Potion            |     1 |     1 |     1 |     4 ||     7
 Stab: Sleeping          |     8 |     4 |     1 |     3 ||    16
       Invisible         |       |     4 |       |       ||     4
  Eat: Chunk             |       |     2 |     5 |     6 ||    13
       Royal jelly       |       |       |       |     1 ||     1
Armor: Robe              |    58 |       |       |       ||    58
       Troll hide        |       |    78 |     9 |       ||    87
       Scale mail        |       |       |   153 |   271 ||   424
Dodge: Dodged            |    90 |   114 |   131 |   413 ||   748
